 Dungeon Crawl Stone Soup version 0.31-a0-1612-g4aaf141004 (webtiles) character file.

Game seed: 13101063567106541736

34 jdlucas the Chopper (level 3, 0/34 HPs)
             Began as a Minotaur Berserker on Jan 9, 2024.
             Was a Follower of Trog.
             Constricted to death by a ball python (1 damage)
             ... on level 2 of the Dungeon.
             The game lasted 00:03:43 (1033 turns).

jdlucas the Chopper (Minotaur Berserker)            Turns: 1033, Time: 00:03:44

Health: 0/34       AC:  2    Str: 23    XL:     3   Next: 14%
Magic:  2/2        EV:  9    Int:  4    God:    Trog [*.....]
Gold:   48         SH:  0    Dex:  9    Spells: 2/2 levels left

rFire   . . .        a - +0 hand axe
rCold   . . .        (no shield)
rNeg    . . .        b - +0 animal skin
rPois   .            (helmet restricted)
rElec   .            (no cloak)
rCorr   .            (no gloves)
SInv    .            (no boots)
Will    .....        (no amulet)
Stlth   +            (no ring)
HPRegen 0.25/turn    (no ring)
MPRegen 0.08/turn

%: no passive effects
@: lethally poisoned (0 -> -1), constricted
A: horns 2, retaliatory headbutt
a: Renounce Religion, Berserk


You were on level 2 of the Dungeon.
You worshipped Trog.
Trog was aware of your devotion.
You visited 1 branch of the dungeon, and saw 2 of its levels.

You collected 48 gold pieces.

Inventory:

Hand Weapons
 a - a +0 hand axe (weapon)
Missiles
 k - 4 large rocks
Armour
 b - a +0 animal skin (worn)
Scrolls
 d - a scroll of fog {unknown}
 e - a scroll of blinking {unknown}
 g - a scroll of revelation {unknown}
 h - a scroll of identify {unknown}
 i - a scroll of brand weapon {unknown}
Potions
 c - a potion of enlightenment {unknown}
 f - 2 potions of degeneration {unknown}
 j - 2 potions of curing {unknown}


   Skills:
 + Level 4.3 Fighting
 + Level 4.3 Axes
 + Level 0.2 Throwing
 + Level 2.5 Armour
 + Level 2.4 Dodging


You had 2 spell levels left.
You didn't know any spells.
Your spell library was empty.

Dungeon Overview and Level Annotations

Branches:
Dungeon (2/15)

Altars:


Innate Abilities, Weirdness & Mutations

You have a pair of horns on your head.
You reflexively headbutt those who attack you in melee.


Message History

The adder is heavily wounded.
You hit the goblin.
You kill the goblin!
Trog accepts your kill.
You feel sick. The adder bites you.
You miss the adder.
The adder is heavily wounded.
You barely miss the ball python.
You feel sick. The adder barely misses you. You furiously retaliate!
You headbutt the adder, but do no damage.
The adder bites you. The ball python bites you.
The ball python barely misses you.
You closely miss the adder. Your headbutt misses the adder.
The adder is heavily wounded.
You hit the ball python but do no damage.
You feel sick. The adder barely misses you. The ball python misses you.
The ball python grabs you. The ball python constricts you.
You slash the adder!
You kill the adder!
Trog accepts your kill.
You hit the ball python.
You feel sick.
The ball python bites you but does no damage.
The ball python constricts you. The ball python bites you.
* * * LOW HITPOINT WARNING * * *
The ball python constricts you.
You have reached level 3!
Your experience leads to an increase in your attributes!
Increase (S)trength, (I)ntelligence, or (D)exterity?
You feel stronger. x2
You hit the ball python but do no damage.
The ball python is heavily wounded.
You feel sick. The ball python bites you.
* * * LOW HITPOINT WARNING * * *
The ball python constricts you.
You closely miss the ball python. Your punch misses the ball python.
The ball python is heavily wounded.
You feel sick. The ball python bites you.
* * * LOW HITPOINT WARNING * * *
The ball python constricts you.
You die...

.....# $....####
#.......# #.......##
##.........
#......$...
#...S...... #..@#
#...# #...# ##########
#...# ##........#
###...# ##..........
#<...## ##.....##....
#....# ##......##....
#....# ##.......##....
#....###........##....


You could see a ball python.

Vanquished Creatures
  An adder (D:2)
  2 endoplasms (D:1)
  5 goblins
  3 hobgoblins (D:1)
  2 jackals (D:1)
  A kobold (D:1)
  2 quokkas (D:1)
  3 bats (D:1)
  A frilled lizard (D:1)
  A rat (D:1)
21 creatures vanquished.

Notes
Turn   | Place    | Note
-------+----------+-------------------------------------------
     0 | D:1      | jdlucas the Minotaur Berserker began the quest for the Orb.
     0 | D:1      | Reached XP level 1. HP: 19/19 MP: 0/0
   205 | D:1      | Reached XP level 2. HP: 22/27 MP: 1/1
  1032 | D:2      | Reached XP level 3. HP: 8/34 MP: 2/2
  1033 | D:2      | HP: 1/34 [ball python (3)]
  1033 | D:2      | Constricted to death by a ball python

Illustrated notes

Levels and vault maps discovered:
D:1:      arrival_zaba_pyramid, layout_loops_ring, minmay_bisected
D:2:      layout_basic, ebering_ecumenical_altar_box, kennysheep_cross_room,
          st_stairs_2

Skill      XL: |  1  2 |
---------------+-------+-----
Fighting       | 4 |  4.3
Axes           | 4 |  4.3
Throwing       | |  0.2
Armour         | |  2.5
Dodging        | |  2.4

Action                     || total
---------------------------++-------
  Melee: Hand axe          ||    39
         Headbutt          ||     5
  Throw: Stone             ||    17
 Armour: Animal skin       ||    22
  Dodge: Dodged            ||    29

Table legend: (Time is in decaauts)
 A = Elapsed time spent in this place.
 B = Non-inter-level travel time spent in this place.
 C = Inter-level travel time spent in this place.
 D = Time resting spent in this place.
 E = Time spent auto-exploring this place.
 F = Levels seen in this place.
 G = Mean time per level.
                   A        B        C        D        E       F      G
               +--------+--------+--------+--------+--------+-----+--------+
         Total |   1038 |    989 |     49 |      0 |    834 |   2 |  519.0 |
       Dungeon |   1038 |    989 |     49 |      0 |    834 |   2 |  519.0 |
               +--------+--------+--------+--------+--------+-----+--------+

Top non-repeatable levels by time:
     D:1: 954 daAuts
     D:2: 83 daAuts
